Inferno vs Saguenéens
Created - 24 mars 2017 at 19:25
Goals
|
| Inferno |
0 |
0 |
3 |
3 |
| Saguenéens |
2 |
2 |
4 |
8 |
|
Shots
|
| Inferno |
6 |
5 |
17 |
28 |
| Saguenéens |
7 |
8 |
16 |
31 |
|
1st period
1. Saguenéens , Mason Raymond 36 (Kevin Marshall, Artemi Panarin) at 3:28 (SH)
2. Saguenéens , Tyler Pitlick 11 (Artemi Panarin, Kevin Marshall) at 17:00 (PP)
Penalties :
Tim Kennedy (Chi) for Roughing (Minor) at 3:16, Rickard Rakell (Chi) for Interference (Minor) at 6:51, Nick Mattson (Chi) for High sticking (Minor) at 14:13, Christian Folin (Anc) for Hooking (Minor) at 16:32, Stephane Veilleux (Anc) for Cross-checking (Minor) at 19:29
2nd period
3. Saguenéens , Artemi Panarin 47 (Spencer Machacek, Erik Haula) at 7:13
4. Saguenéens , Erik Haula 14 (Artemi Panarin, Dalton Prout) at 8:18 (SH)
Penalties :
Spencer Machacek (Chi) for Hooking (Minor) at 7:35, Spencer Machacek (Chi) for High sticking (Minor) at 11:09, Michael Hutchinson (Anc) for Delaying the game (Minor) at 14:38 - Vladimir Zharkov served the penalty, Teemu Pulkkinen (Chi) for Hooking (Minor) at 19:17
3rd period
5. Saguenéens , Mason Raymond 37 (Artemi Panarin) at 2:30
6. Saguenéens , Spencer Machacek 25 (Artemi Panarin, Erik Haula) at 3:19
7. Inferno , Mikhail Grabovski 37 (Stephane Veilleux, Jonathan Ferland) at 3:54
8. Inferno , Cal O'Reilly 18 (Vladimir Zharkov, Sami Vatanen) at 6:55
9. Saguenéens , Spencer Machacek 26 (Artemi Panarin, Trevor Van Riemsdyk) at 12:40
10. Saguenéens , Rhett Rakhshani 12 (Tim Kennedy, Craig Cunningham) at 17:38
11. Inferno , Victor Rask 1 (Sami Vatanen, Simon Danis-Pepin) at 19:04
Penalties :
Mikhail Grabovski (Anc) for Holding Stick (Minor) at 0:22
Goalie Stats
Josh Harding (Anc), 6 saves from 10 shots - (0,600), L, 28-15-8, 28:18 minutes
Michael Hutchinson (Anc), 17 saves from 21 shots - (0,810), 31:42 minutes
Mike Smith (Chi), 25 saves from 28 shots - (0,893), W, 31-21-3, 60:00 minutes
Players Stats for Inferno
Player Name G A P +/- PIM S H SB GA TA FO MP PP MP PK MP
------------------------------------------------------------------------------------
Anders Lee 0 0 0 -1 0 0 3 0 0 1 0/3 10:30 0:07 1:18
Beau Bennett 0 0 0 0 0 4 1 0 0 0 0/0 10:01 0:07 0:00
Cal O'Reilly 1 0 1 -2 0 4 0 1 1 0 2/6 14:59 4:44 0:44
Christian Folin 0 0 0 -1 2 1 0 1 0 0 0/0 15:40 4:18 0:00
Colby Robak 0 0 0 -3 0 0 0 3 0 1 0/0 28:22 6:42 3:17
David Ullstrom 0 0 0 -3 0 2 1 0 0 0 0/0 18:26 4:44 2:18
Jonathan Ferland 0 1 1 -1 0 2 2 0 0 0 0/0 18:56 6:09 0:00
Kyle Palmieri 0 0 0 -1 0 3 4 1 2 0 0/0 14:42 4:44 0:01
Mathieu Brodeur 0 0 0 -1 0 0 0 0 0 1 0/0 17:54 4:18 2:13
Matt Kassian 0 0 0 0 0 0 0 0 0 1 0/0 8:46 0:00 0:22
Matthew Nieto 0 0 0 0 0 1 0 0 0 0 0/1 11:45 0:00 1:51
Mikhail Grabovski 1 0 1 -1 2 2 1 1 1 2 16/35 21:49 6:08 2:43
Sami Vatanen 0 2 2 -2 0 3 2 0 0 0 0/0 24:33 6:42 0:00
Simon Danis-Pepin 0 1 1 -1 0 0 0 1 0 1 0/0 17:33 0:00 3:18
Stephane Veilleux 0 1 1 -1 2 5 0 0 1 0 2/4 21:32 6:09 1:45
Victor Rask 1 0 1 0 0 1 2 0 0 0 1/6 9:48 0:00 0:00
Vladimir Zharkov 0 1 1 -2 0 0 0 0 1 1 1/1 12:19 0:07 0:00
Zach Redmond 0 0 0 0 0 0 2 0 1 0 0/0 15:57 0:00 2:14
Players Stats for Saguenéens
Player Name G A P +/- PIM S H SB GA TA FO MP PP MP PK MP
------------------------------------------------------------------------------------
Artemi Panarin 1 6 7 4 0 7 2 1 1 1 2/5 26:30 2:23 6:18
Carl Hagelin 0 0 0 0 0 1 1 0 0 0 0/0 8:06 0:00 0:00
Craig Cunningham 0 1 1 1 0 0 1 0 0 0 1/1 6:59 0:28 0:29
Dalton Prout 0 1 1 1 0 0 2 0 0 1 0/0 28:26 2:48 6:51
Erik Haula 1 2 3 4 0 2 0 0 1 0 18/27 21:32 3:08 3:52
Jerry D'Amigo 0 0 0 0 0 0 0 0 0 1 0/0 8:06 0:00 0:00
Kevin Marshall 0 2 2 1 0 0 1 4 1 1 0/0 28:38 2:48 6:57
Luke Witkowski 0 0 0 1 0 1 5 3 0 0 0/0 21:01 2:43 4:03
Mason Raymond 2 0 2 -1 0 4 0 0 2 0 9/12 25:40 2:01 6:27
Nick Mattson 0 0 0 2 2 0 1 1 1 0 0/0 10:26 0:00 0:00
Rhett Rakhshani 1 0 1 1 0 4 1 0 1 1 0/0 10:52 0:00 1:46
Rickard Rakell 0 0 0 -1 2 0 0 0 0 2 3/9 15:05 2:23 0:37
Roman Josi 0 0 0 1 0 1 1 1 0 0 0/0 21:01 2:43 4:03
Spencer Machacek 2 1 3 3 4 7 3 0 0 0 1/2 19:55 2:59 2:31
Teemu Pulkkinen 0 0 0 0 2 0 0 0 0 0 0/0 2:28 0:48 0:00
Tim Kennedy 0 1 1 0 2 1 1 0 0 0 0/0 9:14 0:00 0:00
Trevor Van Riemsdyk 0 1 1 2 0 0 0 0 0 0 0/0 10:33 0:00 0:06
Tyler Pitlick 1 0 1 -1 0 3 0 0 1 0 0/0 13:28 2:23 0:00
3 Stars
1 - Artemi Panarin (Chi)
2 - Erik Haula (Chi)
3 - Spencer Machacek (Chi)
Power Play
Inferno - 0 on 6 Attempt(s) - 0,00%
Saguenéens - 1 on 4 Attempt(s) - 25,00%
Penalty Kill
Inferno - 3 on 4 Attempt(s) - 75,00%
- Score 0 goal in Penalty Kill
Saguenéens - 6 on 6 Attempt(s) - 100,00%
- Score 2 goal in Penalty Kill
Team Stat
Inferno - Hits : 18 - Faceoff Wins : 22 - Blocked Shots : 8 - Penalty Minutes : 8
Saguenéens - Hits : 19 - Faceoff Wins : 34 - Blocked Shots : 10 - Penalty Minutes : 12
Official
Referees : L'Ecuyer Frederick and O'Rourke Dan
Linesman : Jay Sharrers and Scott Cherrey
Game Notes
Michael Hutchinson enters game at 8:18 of 2nd period
Cal O'Reilly is injured at 13:27 of 3rd period (Torso)
Finance
Level 1 -- Attendance: 1336 (66,80%) -- Ticket Income 53 440 $
Level 2 -- Attendance: 782 (78,20%) -- Ticket Income 15 640 $
Total Attendance: 2118 (70,60%)
Total Ticket Income: 69 080 $
Other Income: 3 454 $
Total Income: 72 534 $
Inferno
5 vs 5 Forward
Center Left Wing Right Wing Time % Phy DF OF
1 Mikhail Grabovski Stephane Veilleux Jonathan Ferland 40 1 2 2
2 Cal O'Reilly David Ullstrom Vladimir Zharkov 30 1 2 2
3 Anders Lee Matt Kassian Kyle Palmieri 20 1 2 2
4 Victor Rask Matthew Nieto Beau Bennett 10 1 2 2
5 vs 5 Defense
Defense Defense Time % Phy DF OF
1 Sami Vatanen Colby Robak 40 1 2 2
2 Simon Danis-Pepin Zach Redmond 30 1 2 2
3 Mathieu Brodeur Christian Folin 20 1 2 2
4 Simon Danis-Pepin Colby Robak 10 1 2 2
PowerPlay Forward
Center Left Wing Right Wing Time % Phy DF OF
1 Mikhail Grabovski Stephane Veilleux Jonathan Ferland 60 1 2 2
2 Cal O'Reilly David Ullstrom Kyle Palmieri 40 1 2 2
PowerPlay Defense
Defense Defense Time % Phy DF OF
1 Sami Vatanen Colby Robak 60 1 2 2
2 Mathieu Brodeur Christian Folin 40 1 2 2
Penalty Kill 4 Players Forward
Center Wing Time % Phy DF OF
1 Mikhail Grabovski Stephane Veilleux 60 1 2 2
2 Cal O'Reilly David Ullstrom 40 1 2 2
Penalty Kill 4 Players Defense
Defense Defense Time % Phy DF OF
1 Simon Danis-Pepin Colby Robak 60 1 2 2
2 Mathieu Brodeur Zach Redmond 40 1 2 2
Penalty Kill - 3 Players Forward
Forward Time % Phy DF OF
1 Mikhail Grabovski 60 1 2 2
2 Stephane Veilleux 40 1 2 2
Penalty Kill - 3 Players Defense
Defense Defense Time % Phy DF OF
1 Simon Danis-Pepin Colby Robak 60 1 2 2
2 Mathieu Brodeur Zach Redmond 40 1 2 2
4 vs 4 Forward
Center Wing Time % Phy DF OF
1 Mikhail Grabovski Stephane Veilleux 60 1 2 2
2 Cal O'Reilly Vladimir Zharkov 40 1 2 2
4 vs 4 Defense
Defense Defense Time % Phy DF OF
1 Sami Vatanen Colby Robak 60 1 2 2
2 Simon Danis-Pepin Zach Redmond 40 1 2 2
Last Minutes Offensive
Center Left Wing Right Wing Defense Defense
Mikhail Grabovski Stephane Veilleux Vladimir Zharkov Sami Vatanen Colby Robak
Last Minutes Defensive
Center Left Wing Right Wing Defense Defense
Mikhail Grabovski Stephane Veilleux Vladimir Zharkov Simon Danis-Pepin Colby Robak
Goaltenders
Starting : Josh Harding
Backup : Michael Hutchinson
Extra Forwards
Normal : Vladimir Zharkov, Cal O'Reilly, Kyle Palmieri - PP : Anders Lee, Vladimir Zharkov - PK : David Ullstrom
Extra Defensemen
Normal : Colby Robak, Simon Danis-Pepin, Zach Redmond - PP : Zach Redmond - PK : Mathieu Brodeur, Zach Redmond
Penalty Shots
Mikhail Grabovski, Jonathan Ferland, Kyle Palmieri, Vladimir Zharkov, Anders Lee
Saguenéens
5 vs 5 Forward
Center Left Wing Right Wing Time % Phy DF OF
1 Erik Haula Artemi Panarin Spencer Machacek 40 1 2 2
2 Rickard Rakell Mason Raymond Tyler Pitlick 30 1 2 2
3 Mason Raymond Tim Kennedy Rhett Rakhshani 20 1 2 2
4 Artemi Panarin Carl Hagelin Jerry D'Amigo 10 1 2 2
5 vs 5 Defense
Defense Defense Time % Phy DF OF
1 Kevin Marshall Dalton Prout 40 1 2 2
2 Roman Josi Luke Witkowski 30 1 2 2
3 Nick Mattson Trevor Van Riemsdyk 20 1 2 2
4 Kevin Marshall Dalton Prout 10 1 2 2
PowerPlay Forward
Center Left Wing Right Wing Time % Phy DF OF
1 Erik Haula Mason Raymond Spencer Machacek 60 1 2 2
2 Rickard Rakell Artemi Panarin Tyler Pitlick 40 1 2 2
PowerPlay Defense
Defense Defense Time % Phy DF OF
1 Kevin Marshall Dalton Prout 60 1 2 2
2 Roman Josi Luke Witkowski 40 1 2 2
Penalty Kill 4 Players Forward
Center Wing Time % Phy DF OF
1 Mason Raymond Artemi Panarin 60 1 2 2
2 Spencer Machacek Erik Haula 40 1 2 2
Penalty Kill 4 Players Defense
Defense Defense Time % Phy DF OF
1 Kevin Marshall Dalton Prout 60 1 2 2
2 Roman Josi Luke Witkowski 40 1 2 2
Penalty Kill - 3 Players Forward
Forward Time % Phy DF OF
1 Mason Raymond 60 1 2 2
2 Artemi Panarin 40 1 2 2
Penalty Kill - 3 Players Defense
Defense Defense Time % Phy DF OF
1 Kevin Marshall Dalton Prout 60 1 2 2
2 Roman Josi Luke Witkowski 40 1 2 2
4 vs 4 Forward
Center Wing Time % Phy DF OF
1 Mason Raymond Artemi Panarin 60 1 2 2
2 Spencer Machacek Erik Haula 40 1 2 2
4 vs 4 Defense
Defense Defense Time % Phy DF OF
1 Kevin Marshall Dalton Prout 60 1 2 2
2 Roman Josi Luke Witkowski 40 1 2 2
Last Minutes Offensive
Center Left Wing Right Wing Defense Defense
Erik Haula Mason Raymond Spencer Machacek Kevin Marshall Dalton Prout
Last Minutes Defensive
Center Left Wing Right Wing Defense Defense
Erik Haula Mason Raymond Spencer Machacek Kevin Marshall Dalton Prout
Goaltenders
Starting : Mike Smith
Backup : Martin Jones
Extra Forwards
Normal : Craig Cunningham, Teemu Pulkkinen, Rhett Rakhshani - PP : Craig Cunningham, Teemu Pulkkinen - PK : Rhett Rakhshani
Extra Defensemen
Normal : Nick Mattson, Trevor Van Riemsdyk, Roman Josi - PP : Nick Mattson - PK : Trevor Van Riemsdyk, Roman Josi
Penalty Shots
Mason Raymond, Artemi Panarin, Spencer Machacek, Erik Haula, Tyler Pitlick
% Time on Ice - Inferno
Lines # - Real PCT - Wanted PCT - Time Play
Normal Forward
1 - 31% - 40% - 13:10
2 - 26% - 30% - 11:13
3 - 20% - 20% - 8:24
4 - 23% - 10% - 9:48
Normal Defense
1 - 42% - 40% - 18:00
2 - 32% - 30% - 13:39
3 - 24% - 20% - 10:21
4 - 1% - 10% - 0:35
PP Forward
1 - 57% - 60% - 6:16
2 - 43% - 40% - 4:44
PP Defense
1 - 61% - 60% - 6:42
2 - 39% - 40% - 4:18
PK Forward
1 - 87% - 60% - 4:47
2 - 13% - 40% - 0:44
PK Defense
1 - 60% - 60% - 3:17
2 - 40% - 40% - 2:14
PK3 Forward
1 - 0% - 60%
2 - 0% - 40%
PK3 Defense
1 - 0% - 60%
2 - 0% - 40%
44 Forward
1 - 100% - 60% - 0:54
2 - 0% - 40% - 0:00
44 Defense
1 - 52% - 60% - 0:28
2 - 48% - 40% - 0:26
Last Minute Offensive - 0:00
Last Minute Defensive - 0:00
Total
Forward - 60:00
Defense - 60:00
|
% Time on Ice - Saguenéens
Lines # - Real PCT - Wanted PCT - Time Play
Normal Forward
1 - 31% - 40% - 13:08
2 - 29% - 30% - 12:27
3 - 21% - 20% - 8:54
4 - 19% - 10% - 8:06
Normal Defense
1 - 42% - 40% - 17:54
2 - 33% - 30% - 14:07
3 - 24% - 20% - 10:21
4 - 1% - 10% - 0:13
PP Forward
1 - 42% - 60% - 2:20
2 - 58% - 40% - 3:11
PP Defense
1 - 51% - 60% - 2:48
2 - 49% - 40% - 2:43
PK Forward
1 - 65% - 60% - 7:08
2 - 35% - 40% - 3:52
PK Defense
1 - 63% - 60% - 6:57
2 - 37% - 40% - 4:03
PK3 Forward
1 - 0% - 60%
2 - 0% - 40%
PK3 Defense
1 - 0% - 60%
2 - 0% - 40%
44 Forward
1 - 85% - 60% - 0:46
2 - 15% - 40% - 0:08
44 Defense
1 - 85% - 60% - 0:46
2 - 15% - 40% - 0:08
Last Minute Offensive - 0:00
Last Minute Defensive - 0:00
Total
Forward - 60:00
Defense - 60:00
|
Play by Play
1st period
0:01 of 1st period - Mikhail Grabovski wins face-off versus Erik Haula in neutral zone.
0:06 of 1st period - Snap shot by Stephane Veilleux.
0:06 of 1st period - Stopped by Mike Smith with a rebound.
0:37 of 1st period - Wrist shot by Vladimir Zharkov.
0:37 of 1st period - Shot Misses the Net.
0:51 of 1st period - Zach Redmond is hit by Artemi Panarin and loses puck.
1:06 of 1st period - Mason Raymond is hit by Zach Redmond and loses puck.
1:13 of 1st period - Snap shot by Beau Bennett.
1:13 of 1st period - Deflect By Mason Raymond.
1:13 of 1st period - Stopped by Mike Smith with a rebound.
1:15 of 1st period - Snap shot by Beau Bennett.
1:15 of 1st period - Stopped by Mike Smith with a rebound.
1:17 of 1st period - Slapshot by Mathieu Brodeur.
1:17 of 1st period - Shot Misses the Net.
1:27 of 1st period - Stephane Veilleux is hit by Artemi Panarin and loses puck.
1:51 of 1st period - Off-side.
1:52 of 1st period - Rickard Rakell wins face-off versus Anders Lee in neutral zone.
1:57 of 1st period - Icing by Colby Robak.
1:58 of 1st period - Erik Haula wins face-off versus Anders Lee in Inferno zone.
1:59 of 1st period - Snap shot by Artemi Panarin.
1:59 of 1st period - Shot Misses the Net.
2:04 of 1st period - Off-side.
2:05 of 1st period - Mikhail Grabovski wins face-off versus Erik Haula in neutral zone.
2:38 of 1st period - Off-side.
2:39 of 1st period - Erik Haula wins face-off versus Cal O'Reilly in neutral zone.
2:52 of 1st period - Snap shot by Cal O'Reilly.
2:52 of 1st period - Stopped by Mike Smith with a rebound.
2:54 of 1st period - Wrist shot by Cal O'Reilly.
2:54 of 1st period - Deflect By Vladimir Zharkov.
2:54 of 1st period - Shot Blocked by Kevin Marshall.
2:54 of 1st period - Puck is out of play.
2:55 of 1st period - Mason Raymond wins face-off versus Mikhail Grabovski in Saguenéens zone.
3:06 of 1st period - Wrist shot by Rhett Rakhshani.
3:06 of 1st period - Deflect By Colby Robak.
3:06 of 1st period - Stopped by Josh Harding with a rebound.
3:16 of 1st period - Minor Penalty to Tim Kennedy for Roughing.
3:17 of 1st period - Mason Raymond wins face-off versus Stephane Veilleux in Saguenéens zone.
3:26 of 1st period - Wrist shot by Mason Raymond.
3:26 of 1st period - Shot Misses the Net.
3:28 of 1st period - Snap shot by Kevin Marshall.
3:28 of 1st period - Deflect By Mason Raymond.
3:28 of 1st period - Goal by Mason Raymond - Inferno : 0 - Saguenéens : 1.
3:29 of 1st period - Stephane Veilleux wins face-off versus Mason Raymond in neutral zone.
3:40 of 1st period - Wrist shot by Stephane Veilleux.
3:40 of 1st period - Shot Blocked by Kevin Marshall.
4:02 of 1st period - Slapshot by Spencer Machacek.
4:02 of 1st period - Shot Misses the Net.
5:16 of 1st period - Penalty to Tim Kennedy is over, Tim Kennedy is back on ice.
6:08 of 1st period - Rhett Rakhshani is hit by Jonathan Ferland and loses puck.
6:51 of 1st period - Minor Penalty to Rickard Rakell for Interference.
6:52 of 1st period - Mason Raymond wins face-off versus Mikhail Grabovski in Saguenéens zone.
8:50 of 1st period - Vladimir Zharkov is hit by Craig Cunningham and loses puck.
8:51 of 1st period - Penalty to Rickard Rakell is over, Rickard Rakell is back on ice.
8:56 of 1st period - Off-side.
8:57 of 1st period - Rickard Rakell wins face-off versus Victor Rask in neutral zone.
9:04 of 1st period - Icing by Zach Redmond.
9:05 of 1st period - Victor Rask wins face-off versus Rickard Rakell in Inferno zone.
9:18 of 1st period - Snap shot by Matthew Nieto.
9:18 of 1st period - Stopped by Mike Smith without a rebound.
9:19 of 1st period - Erik Haula wins face-off versus Mikhail Grabovski in Saguenéens zone.
9:51 of 1st period - Slapshot by Roman Josi.
9:51 of 1st period - Shot Blocked by Colby Robak.
10:50 of 1st period - Tyler Pitlick is hit by Beau Bennett and loses puck.
11:51 of 1st period - Backhand shot by Beau Bennett.
11:51 of 1st period - Shot Misses the Net.
12:11 of 1st period - Icing by Christian Folin.
12:12 of 1st period - Erik Haula wins face-off versus Victor Rask in Inferno zone.
12:13 of 1st period - Snap shot by Spencer Machacek.
12:13 of 1st period - Shot Misses the Net.
12:21 of 1st period - Wrist shot by Spencer Machacek.
12:21 of 1st period - Shot Misses the Net.
12:57 of 1st period - Sami Vatanen is hit by Luke Witkowski.
13:47 of 1st period - Slapshot by Rhett Rakhshani.
13:47 of 1st period - Shot Blocked by Simon Danis-Pepin.
13:52 of 1st period - Off-side.
13:53 of 1st period - Mikhail Grabovski wins face-off versus Artemi Panarin in neutral zone.
13:56 of 1st period - Snap shot by Stephane Veilleux.
13:56 of 1st period - Shot Blocked by Artemi Panarin.
14:13 of 1st period - Minor Penalty to Nick Mattson for High sticking.
14:14 of 1st period - Mikhail Grabovski wins face-off versus Mason Raymond in Saguenéens zone.
14:16 of 1st period - Slapshot by Mikhail Grabovski.
14:16 of 1st period - Shot Blocked by Kevin Marshall.
14:51 of 1st period - Slapshot by Spencer Machacek.
14:51 of 1st period - Shot Blocked by Colby Robak.
15:27 of 1st period - Slapshot by Spencer Machacek.
15:27 of 1st period - Stopped by Josh Harding without a rebound.
15:28 of 1st period - Mikhail Grabovski wins face-off versus Spencer Machacek in Inferno zone.
15:43 of 1st period - Mason Raymond is hit by Kyle Palmieri and loses puck.
15:54 of 1st period - Jonathan Ferland is hit by Spencer Machacek and loses puck.
16:11 of 1st period - Kevin Marshall is hit by Kyle Palmieri and loses puck.
16:13 of 1st period - Penalty to Nick Mattson is over, Nick Mattson is back on ice.
16:24 of 1st period - Wrist shot by Artemi Panarin.
16:24 of 1st period - Shot Blocked by Christian Folin.
16:26 of 1st period - Slapshot by Dalton Prout.
16:26 of 1st period - Shot Hit the Post.
16:32 of 1st period - Minor Penalty to Christian Folin for Hooking.
16:33 of 1st period - Mikhail Grabovski wins face-off versus Erik Haula in Inferno zone.
16:58 of 1st period - Slapshot by Artemi Panarin.
16:58 of 1st period - Stopped by Josh Harding with a rebound.
17:00 of 1st period - Slapshot by Tyler Pitlick.
17:00 of 1st period - Goal by Tyler Pitlick - Inferno : 0 - Saguenéens : 2.
17:01 of 1st period - Erik Haula wins face-off versus Stephane Veilleux in neutral zone.
17:04 of 1st period - Snap shot by Spencer Machacek.
17:04 of 1st period - Stopped by Josh Harding with a rebound.
17:16 of 1st period - Wrist shot by Spencer Machacek.
17:16 of 1st period - Stopped by Josh Harding with a rebound.
17:58 of 1st period - Wrist shot by Artemi Panarin.
17:58 of 1st period - Shot Blocked by Kyle Palmieri.
18:29 of 1st period - Matthew Nieto is hit by Spencer Machacek and loses puck.
19:07 of 1st period - Snap shot by Kyle Palmieri.
19:07 of 1st period - Stopped by Mike Smith with a rebound.
19:29 of 1st period - Minor Penalty to Stephane Veilleux for Cross-checking.
19:30 of 1st period - Rickard Rakell wins face-off versus Mikhail Grabovski in Inferno zone.
Goals for this period are 0 for Inferno vs 2 for Saguenéens.
Shots for this period are 6 for Inferno vs 7 for Saguenéens.
2nd period
0:01 of 2nd period - Erik Haula wins face-off versus Mikhail Grabovski in neutral zone.
0:16 of 2nd period - Mason Raymond is hit by Mikhail Grabovski and loses puck.
1:29 of 2nd period - Penalty to Stephane Veilleux is over, Stephane Veilleux is back on ice.
1:32 of 2nd period - Mikhail Grabovski is hit by Kevin Marshall and loses puck.
1:43 of 2nd period - Snap shot by Stephane Veilleux.
1:43 of 2nd period - Stopped by Mike Smith with a rebound.
1:57 of 2nd period - Snap shot by Tim Kennedy.
1:57 of 2nd period - Shot Misses the Net.
2:25 of 2nd period - Snap shot by Stephane Veilleux.
2:25 of 2nd period - Shot Misses the Net.
2:46 of 2nd period - Tim Kennedy is hit by Sami Vatanen and loses puck.
3:07 of 2nd period - Vladimir Zharkov is hit by Nick Mattson and loses puck.
3:12 of 2nd period - Slapshot by Carl Hagelin.
3:12 of 2nd period - Shot Hit the Post.
3:42 of 2nd period - Snap shot by Artemi Panarin.
3:42 of 2nd period - Shot Misses the Net.
4:29 of 2nd period - Wrist shot by Vladimir Zharkov.
4:29 of 2nd period - Deflect By Cal O'Reilly.
4:29 of 2nd period - Shot Misses the Net.
4:29 of 2nd period - Puck is out of play.
4:30 of 2nd period - Artemi Panarin wins face-off versus Cal O'Reilly in Saguenéens zone.
5:26 of 2nd period - Wrist shot by Matthew Nieto.
5:26 of 2nd period - Shot Misses the Net.
5:44 of 2nd period - Carl Hagelin is hit by Anders Lee and loses puck.
5:53 of 2nd period - Snap shot by Carl Hagelin.
5:53 of 2nd period - Shot Misses the Net.
6:15 of 2nd period - Mathieu Brodeur is hit by Dalton Prout and loses puck.
6:34 of 2nd period - Trevor Van Riemsdyk is hit by Jonathan Ferland and loses puck.
6:41 of 2nd period - Christian Folin is hit by Tim Kennedy and loses puck.
6:59 of 2nd period - Icing by Mathieu Brodeur.
7:00 of 2nd period - Erik Haula wins face-off versus Cal O'Reilly in Inferno zone.
7:09 of 2nd period - Wrist shot by Artemi Panarin.
7:09 of 2nd period - Stopped by Josh Harding with a rebound.
7:13 of 2nd period - Wrist shot by Artemi Panarin.
7:13 of 2nd period - Goal by Artemi Panarin - Inferno : 0 - Saguenéens : 3.
7:14 of 2nd period - Spencer Machacek wins face-off versus Mikhail Grabovski in neutral zone.
7:35 of 2nd period - Minor Penalty to Spencer Machacek for Hooking.
7:36 of 2nd period - Mason Raymond wins face-off versus Mikhail Grabovski in Saguenéens zone.
7:49 of 2nd period - Snap shot by Jonathan Ferland.
7:49 of 2nd period - Deflect By Artemi Panarin.
7:49 of 2nd period - Stopped by Mike Smith without a rebound.
7:50 of 2nd period - Mason Raymond wins face-off versus Mikhail Grabovski in Saguenéens zone.
8:18 of 2nd period - Snap shot by Erik Haula.
8:18 of 2nd period - Goal by Erik Haula - Inferno : 0 - Saguenéens : 4.
8:18 of 2nd period - Michael Hutchinson enters game.
8:19 of 2nd period - Mason Raymond wins face-off versus Mikhail Grabovski in neutral zone.
8:59 of 2nd period - Dalton Prout is hit by Sami Vatanen and loses puck.
9:35 of 2nd period - Penalty to Spencer Machacek is over, Spencer Machacek is back on ice.
9:50 of 2nd period - Snap shot by Beau Bennett.
9:50 of 2nd period - Stopped by Mike Smith with a rebound.
9:52 of 2nd period - Snap shot by Christian Folin.
9:52 of 2nd period - Shot Blocked by Luke Witkowski.
10:24 of 2nd period - Snap shot by Tim Kennedy.
10:24 of 2nd period - Shot Misses the Net.
10:26 of 2nd period - Wrist shot by Rhett Rakhshani.
10:26 of 2nd period - Stopped by Michael Hutchinson with a rebound.
10:41 of 2nd period - Off-side.
10:42 of 2nd period - Craig Cunningham wins face-off versus Victor Rask in neutral zone.
10:55 of 2nd period - Slapshot by Rhett Rakhshani.
10:55 of 2nd period - Stopped by Michael Hutchinson with a rebound.
11:07 of 2nd period - Snap shot by Stephane Veilleux.
11:07 of 2nd period - Stopped by Mike Smith with a rebound.
11:09 of 2nd period - Minor Penalty to Spencer Machacek for High sticking.
11:10 of 2nd period - Mason Raymond wins face-off versus Mikhail Grabovski in Saguenéens zone.
11:43 of 2nd period - Wrist shot by Kyle Palmieri.
11:43 of 2nd period - Stopped by Mike Smith with a rebound.
12:15 of 2nd period - Sami Vatanen is hit by Luke Witkowski and loses puck.
13:09 of 2nd period - Penalty to Spencer Machacek is over, Spencer Machacek is back on ice.
13:21 of 2nd period - Slapshot by Beau Bennett.
13:21 of 2nd period - Shot Blocked by Luke Witkowski.
13:39 of 2nd period - Slapshot by Erik Haula.
13:39 of 2nd period - Stopped by Michael Hutchinson without a rebound.
13:40 of 2nd period - Mason Raymond wins face-off versus Anders Lee in Inferno zone.
14:02 of 2nd period - Nick Mattson is hit by Anders Lee and loses puck.
14:38 of 2nd period - Wrist shot by Tim Kennedy.
14:38 of 2nd period - Stopped by Michael Hutchinson without a rebound.
14:38 of 2nd period - Minor Penalty to Michael Hutchinson for Delaying the game.
14:39 of 2nd period - Mikhail Grabovski wins face-off versus Rickard Rakell in Inferno zone.
14:48 of 2nd period - Slapshot by Kevin Marshall.
14:48 of 2nd period - Deflect By Artemi Panarin.
14:48 of 2nd period - Stopped by Michael Hutchinson with a rebound.
15:26 of 2nd period - Snap shot by Erik Haula.
15:26 of 2nd period - Shot Misses the Net.
15:42 of 2nd period - Colby Robak is hit by Spencer Machacek and loses puck.
16:38 of 2nd period - Penalty to Vladimir Zharkov is over, Vladimir Zharkov is back on ice.
16:49 of 2nd period - Christian Folin is hit by Roman Josi and loses puck.
18:51 of 2nd period - Slapshot by Matt Kassian.
18:51 of 2nd period - Shot Misses the Net.
19:05 of 2nd period - Simon Danis-Pepin is hit by Luke Witkowski and loses puck.
19:17 of 2nd period - Minor Penalty to Teemu Pulkkinen for Hooking.
19:18 of 2nd period - Mikhail Grabovski wins face-off versus Artemi Panarin in Saguenéens zone.
Goals for this period are 0 for Inferno vs 2 for Saguenéens.
Shots for this period are 5 for Inferno vs 8 for Saguenéens.
3rd period
0:01 of 3rd period - Mason Raymond wins face-off versus Mikhail Grabovski in neutral zone.
0:04 of 3rd period - Snap shot by Mason Raymond.
0:04 of 3rd period - Stopped by Michael Hutchinson with a rebound.
0:22 of 3rd period - Minor Penalty to Mikhail Grabovski for Holding Stick.
0:23 of 3rd period - Vladimir Zharkov wins face-off versus Mason Raymond in Inferno zone.
1:17 of 3rd period - Penalty to Teemu Pulkkinen is over, Teemu Pulkkinen is back on ice.
1:28 of 3rd period - Snap shot by Matthew Nieto.
1:28 of 3rd period - Shot Misses the Net.
2:22 of 3rd period - Penalty to Mikhail Grabovski is over, Mikhail Grabovski is back on ice.
2:30 of 3rd period - Wrist shot by Mason Raymond.
2:30 of 3rd period - Goal by Mason Raymond - Inferno : 0 - Saguenéens : 5.
2:31 of 3rd period - Stephane Veilleux wins face-off versus Rickard Rakell in neutral zone.
2:56 of 3rd period - Snap shot by Kyle Palmieri.
2:56 of 3rd period - Shot Misses the Net.
3:09 of 3rd period - Snap shot by Mason Raymond.
3:09 of 3rd period - Stopped by Michael Hutchinson with a rebound.
3:11 of 3rd period - Snap shot by Tyler Pitlick.
3:11 of 3rd period - Stopped by Michael Hutchinson without a rebound.
3:12 of 3rd period - Erik Haula wins face-off versus Mikhail Grabovski in Inferno zone.
3:15 of 3rd period - Wrist shot by Spencer Machacek.
3:15 of 3rd period - Stopped by Michael Hutchinson with a rebound.
3:17 of 3rd period - Snap shot by Erik Haula.
3:17 of 3rd period - Shot Misses the Net.
3:19 of 3rd period - Slapshot by Artemi Panarin.
3:19 of 3rd period - Deflect By Spencer Machacek.
3:19 of 3rd period - Goal by Spencer Machacek - Inferno : 0 - Saguenéens : 6.
3:20 of 3rd period - Erik Haula wins face-off versus Mikhail Grabovski in neutral zone.
3:54 of 3rd period - Wrist shot by Mikhail Grabovski.
3:54 of 3rd period - Goal by Mikhail Grabovski - Inferno : 1 - Saguenéens : 6.
3:55 of 3rd period - Erik Haula wins face-off versus Cal O'Reilly in neutral zone.
4:10 of 3rd period - Wrist shot by David Ullstrom.
4:10 of 3rd period - Stopped by Mike Smith without a rebound.
4:11 of 3rd period - Mikhail Grabovski wins face-off versus Rickard Rakell in Saguenéens zone.
5:03 of 3rd period - Snap shot by Kyle Palmieri.
5:03 of 3rd period - Stopped by Mike Smith with a rebound.
5:05 of 3rd period - Wrist shot by Zach Redmond.
5:05 of 3rd period - Shot Misses the Net.
5:19 of 3rd period - Wrist shot by Carl Hagelin.
5:19 of 3rd period - Stopped by Michael Hutchinson without a rebound.
5:20 of 3rd period - Mikhail Grabovski wins face-off versus Artemi Panarin in Inferno zone.
5:25 of 3rd period - Slapshot by Sami Vatanen.
5:25 of 3rd period - Shot Blocked by Roman Josi.
5:27 of 3rd period - Wrist shot by Stephane Veilleux.
5:27 of 3rd period - Stopped by Mike Smith with a rebound.
5:29 of 3rd period - Snap shot by Stephane Veilleux.
5:29 of 3rd period - Stopped by Mike Smith with a rebound.
5:31 of 3rd period - Snap shot by Jonathan Ferland.
5:31 of 3rd period - Stopped by Mike Smith without a rebound.
5:32 of 3rd period - Mikhail Grabovski wins face-off versus Erik Haula in Saguenéens zone.
5:33 of 3rd period - Snap shot by Jonathan Ferland.
5:33 of 3rd period - Shot Misses the Net.
5:35 of 3rd period - Snap shot by Mikhail Grabovski.
5:35 of 3rd period - Stopped by Mike Smith without a rebound.
5:36 of 3rd period - Mikhail Grabovski wins face-off versus Erik Haula in Saguenéens zone.
5:37 of 3rd period - Wrist shot by Jonathan Ferland.
5:37 of 3rd period - Shot Blocked by Luke Witkowski.
6:07 of 3rd period - Snap shot by David Ullstrom.
6:07 of 3rd period - Deflect By Cal O'Reilly.
6:07 of 3rd period - Shot Misses the Net.
6:07 of 3rd period - Puck is out of play.
6:08 of 3rd period - Cal O'Reilly wins face-off versus Erik Haula in Saguenéens zone.
6:09 of 3rd period - Snap shot by Vladimir Zharkov.
6:09 of 3rd period - Shot Blocked by Kevin Marshall.
6:11 of 3rd period - Slapshot by David Ullstrom.
6:11 of 3rd period - Stopped by Mike Smith with a rebound.
6:13 of 3rd period - Slapshot by Cal O'Reilly.
6:13 of 3rd period - Deflect By Dalton Prout.
6:13 of 3rd period - Stopped by Mike Smith without a rebound.
6:14 of 3rd period - Erik Haula wins face-off versus Mikhail Grabovski in Saguenéens zone.
6:21 of 3rd period - Snap shot by Artemi Panarin.
6:21 of 3rd period - Deflect By Spencer Machacek.
6:21 of 3rd period - Stopped by Michael Hutchinson without a rebound.
6:22 of 3rd period - Erik Haula wins face-off versus Mikhail Grabovski in Inferno zone.
6:55 of 3rd period - Wrist shot by Cal O'Reilly.
6:55 of 3rd period - Goal by Cal O'Reilly - Inferno : 2 - Saguenéens : 6.
6:56 of 3rd period - Mikhail Grabovski wins face-off versus Erik Haula in neutral zone.
7:29 of 3rd period - Wrist shot by Cal O'Reilly.
7:29 of 3rd period - Stopped by Mike Smith with a rebound.
8:24 of 3rd period - Snap shot by Carl Hagelin.
8:24 of 3rd period - Shot Misses the Net.
9:00 of 3rd period - Slapshot by Artemi Panarin.
9:00 of 3rd period - Shot Misses the Net.
9:12 of 3rd period - Carl Hagelin is hit by Anders Lee and loses puck.
9:49 of 3rd period - Icing by Nick Mattson.
9:50 of 3rd period - Erik Haula wins face-off versus Mikhail Grabovski in Saguenéens zone.
9:55 of 3rd period - Wrist shot by Spencer Machacek.
9:55 of 3rd period - Shot Blocked by Mikhail Grabovski.
9:57 of 3rd period - Wrist shot by Artemi Panarin.
9:57 of 3rd period - Stopped by Michael Hutchinson with a rebound.
9:59 of 3rd period - Backhand shot by Spencer Machacek.
9:59 of 3rd period - Shot Misses the Net.
10:01 of 3rd period - Backhand shot by Erik Haula.
10:01 of 3rd period - Shot Misses the Net.
10:11 of 3rd period - Rickard Rakell is hit by David Ullstrom and loses puck.
10:33 of 3rd period - Kyle Palmieri is hit by Rhett Rakhshani and loses puck.
10:46 of 3rd period - Erik Haula is hit by Victor Rask and loses puck.
11:05 of 3rd period - Jonathan Ferland is hit by Dalton Prout and loses puck.
11:16 of 3rd period - Sami Vatanen is hit by Carl Hagelin and loses puck.
11:27 of 3rd period - Snap shot by Cal O'Reilly.
11:27 of 3rd period - Shot Misses the Net.
11:37 of 3rd period - Kyle Palmieri is hit by Luke Witkowski and loses puck.
12:01 of 3rd period - Slapshot by Christian Folin.
12:01 of 3rd period - Stopped by Mike Smith without a rebound.
12:02 of 3rd period - Erik Haula wins face-off versus Matthew Nieto in Saguenéens zone.
12:02 of 3rd period - Erik Haula is hit by Zach Redmond.
12:14 of 3rd period - Slapshot by Zach Redmond.
12:14 of 3rd period - Shot Blocked by Nick Mattson.
12:40 of 3rd period - Slapshot by Artemi Panarin.
12:40 of 3rd period - Deflect By Spencer Machacek.
12:40 of 3rd period - Goal by Spencer Machacek - Inferno : 2 - Saguenéens : 7.
12:41 of 3rd period - Mikhail Grabovski wins face-off versus Rickard Rakell in neutral zone.
12:57 of 3rd period - Snap shot by Tyler Pitlick.
12:57 of 3rd period - Shot Misses the Net.
13:12 of 3rd period - Off-side.
13:13 of 3rd period - Cal O'Reilly wins face-off versus Erik Haula in neutral zone.
13:13 of 3rd period - Cal O'Reilly is hit by Luke Witkowski.
13:23 of 3rd period - Snap shot by Artemi Panarin.
13:23 of 3rd period - Stopped by Michael Hutchinson with a rebound.
13:25 of 3rd period - Slapshot by Luke Witkowski.
13:25 of 3rd period - Deflect By David Ullstrom.
13:25 of 3rd period - Stopped by Michael Hutchinson with a rebound.
13:27 of 3rd period - Slapshot by Roman Josi.
13:27 of 3rd period - Shot Blocked by Cal O'Reilly.
13:27 of 3rd period - Cal O'Reilly from Inferno is injured at 13:27 of 3rd period (Torso).
13:28 of 3rd period - Erik Haula wins face-off versus Mikhail Grabovski in Inferno zone.
13:33 of 3rd period - Wrist shot by Artemi Panarin.
13:33 of 3rd period - Stopped by Michael Hutchinson without a rebound.
13:34 of 3rd period - Erik Haula wins face-off versus Mikhail Grabovski in Inferno zone.
14:25 of 3rd period - Wrist shot by Beau Bennett.
14:25 of 3rd period - Stopped by Mike Smith without a rebound.
14:26 of 3rd period - Erik Haula wins face-off versus Victor Rask in Saguenéens zone.
14:56 of 3rd period - Snap shot by Mason Raymond.
14:56 of 3rd period - Shot Misses the Net.
14:58 of 3rd period - Snap shot by Tim Kennedy.
14:58 of 3rd period - Shot Misses the Net.
15:26 of 3rd period - Slapshot by Stephane Veilleux.
15:26 of 3rd period - Shot Misses the Net.
15:28 of 3rd period - Snap shot by Mikhail Grabovski.
15:28 of 3rd period - Shot Misses the Net.
15:44 of 3rd period - Snap shot by Sami Vatanen.
15:44 of 3rd period - Stopped by Mike Smith with a rebound.
15:46 of 3rd period - Slapshot by Sami Vatanen.
15:46 of 3rd period - Stopped by Mike Smith with a rebound.
15:48 of 3rd period - Snap shot by Kyle Palmieri.
15:48 of 3rd period - Shot Misses the Net.
16:14 of 3rd period - Icing by Rickard Rakell.
16:15 of 3rd period - Mikhail Grabovski wins face-off versus Rickard Rakell in Saguenéens zone.
16:37 of 3rd period - Wrist shot by Tyler Pitlick.
16:37 of 3rd period - Stopped by Michael Hutchinson with a rebound.
17:01 of 3rd period - Erik Haula is hit by Victor Rask and loses puck.
17:16 of 3rd period - Snap shot by Artemi Panarin.
17:16 of 3rd period - Shot Blocked by Colby Robak.
17:38 of 3rd period - Slapshot by Rhett Rakhshani.
17:38 of 3rd period - Goal by Rhett Rakhshani - Inferno : 2 - Saguenéens : 8.
17:39 of 3rd period - Mikhail Grabovski wins face-off versus Erik Haula in neutral zone.
18:06 of 3rd period - Rickard Rakell is hit by Kyle Palmieri and loses puck.
18:27 of 3rd period - Slapshot by Roman Josi.
18:27 of 3rd period - Stopped by Michael Hutchinson without a rebound.
18:28 of 3rd period - Artemi Panarin wins face-off versus Victor Rask in Inferno zone.
19:00 of 3rd period - Snap shot by Sami Vatanen.
19:00 of 3rd period - Stopped by Mike Smith with a rebound.
19:02 of 3rd period - Wrist shot by Victor Rask.
19:02 of 3rd period - Shot Misses the Net.
19:04 of 3rd period - Snap shot by Victor Rask.
19:04 of 3rd period - Goal by Victor Rask - Inferno : 3 - Saguenéens : 8.
19:05 of 3rd period - Erik Haula wins face-off versus Mikhail Grabovski in neutral zone.
19:31 of 3rd period - Dalton Prout is hit by Kyle Palmieri and loses puck.
Goals for this period are 3 for Inferno vs 4 for Saguenéens.
Shots for this period are 17 for Inferno vs 16 for Saguenéens.
Back to the Top